 Dungeon Crawl Stone Soup version 0.21.1-1-g345015fe64 (webtiles) character file.

498 Delanovic the Cruncher (level 6, -4/50 HPs)
             Began as a Minotaur Gladiator on Apr 25, 2018.
             Was an Initiate of Qazlal.
             Slain by Blork the orc
             ... wielding a +0 battleaxe
              (8 damage)
             ... on level 4 of the Dungeon.
             The game lasted 00:09:00 (3014 turns).

Delanovic the Cruncher (Minotaur Gladiator)         Turns: 3014, Time: 00:09:00

Health: -4/50      AC:  3    Str: 17 (19) XL:     6   Next: 94%
Magic:  5/5        EV: 18    Int:  3 (5)  God:    Qazlal [......]
Gold:   212        SH:  0    Dex: 15 (18) Spells: 5/5 levels left

rFire    . . .     SeeInvis .   a - +0 quarterstaff
rCold    . . .     Gourm    .   (shield currently unavailable)
rNeg     . . .     Faith    .   b - +0 leather armour
rPois    +         Spirit   .   c - +0 hat
rElec    .         Reflect  .   (no cloak)
rCorr    .         Harm     .   (no gloves)
MR       .....                  (no boots)
Stlth    ++........             (no amulet)
HPRegen  0.16/turn              h - ring of poison resistance
MPRegen  0.09/turn              (no ring)

@: agile
A: retaliatory headbutt, horns 2
a: Renounce Religion


You were on level 4 of the Dungeon.
You worshipped Qazlal.
Qazlal was noncommittal.
You were hungry.

You visited 1 branch of the dungeon, and saw 4 of its levels.

You collected 212 gold pieces.

Inventory:

Hand Weapons
 a - a +0 quarterstaff (weapon)
Missiles
 d - 3 throwing nets (quivered)
Armour
 b - a +0 leather armour (worn)
 c - a +0 hat (worn)
Jewellery
 h - a ring of poison resistance (left hand)
Wands
 q - a wand of enslavement (5)
Scrolls
 g - 4 scrolls of identify
 k - a scroll of teleportation
Potions
 j - a potion of flight
Books
 e - a book of Maledictions

   Spells                             Type                      Level
   a - Corona                         Hexes                        1
   b - Ensorcelled Hibernation        Hexes/Ice                    2
   c - Confuse                        Hexes                        3
   d - Tukima's Dance                 Hexes                        3
   e - Dazzling Spray                 Conjuration/Hexes            3
Comestibles
 f - 6 rations


   Skills:
 - Level 2.4 Fighting
 + Level 9.5 Staves
 - Level 2.0 Throwing
 - Level 3.2 Dodging


You had 5 spell levels left.
You didn't know any spells.

Dungeon Overview and Level Annotations

Branches:
Dungeon (4/15)
 Temple: D:4-7

Altars:
Ashenzari
Cheibriados
Dithmenos
Elyvilon
Gozag
Kikubaaqudgha
Qazlal
Ru
Wu Jian
Yredelemnul
Zin

Annotations:
D:4 Blork the orc


Innate Abilities, Weirdness & Mutations

You reflexively headbutt those who attack you in melee.
You have a pair of horns on your head.


Message History

There was something very wrong with that liquid.
You feel weakened.
You feel dopey.
You feel clumsy. Something hits you!
* * * LOW HITPOINT WARNING * * *
You miss something. Something barely misses you.
As you read the scroll labeled UFYMAL DOHA, it crumbles to dust.
It is a scroll of amnesia.
You feel forgetful for a moment. Something hits you.
* * * LOW HITPOINT WARNING * * *
As you read the scroll labeled XISY OMUOTE, it crumbles to dust.
Your nose twitches suddenly!
It was a scroll of random uselessness.
Something closely misses you. Something barely misses you.
As you read the scroll labeled QAADISHRYOMN, it crumbles to dust.
You feel aware of your surroundings.
You sensed 1 shop/portal.
It was a scroll of magic mapping.
Something barely misses you.
Okay, then.
Okay, then.
Okay, then.
You closely miss something. Something hits you!
You die...

*,* *,* #.##### *,* *,* *,*
#.....# *,* ,,* *,* #####.#
*,* *******,** #.# *,*
,,,,,,,,,* #.# *,*
,******,,**** #.# *,* ,*
*,,,,,,,* ####.# *,* ,*
*,*,,**,* #....# *,* ,*
*,,,,,,,* #@#### *,*
,****,*,,*,,* #{# *,*
,,,,,,*<,*,,* #O# *,*
,,,,,,,,,,,,* #.# *,*
,,***,**,*,,####.### *,*
,,* *,**,*,,#......#****>*
,,***,**,#{............,,*
,,,,,,,,......##.#.####***
*,******.###..*#.#[#*******


You could see an ogre.

Vanquished Creatures
  Sigmund (D:3)
  The ghost of asdpro the Skirmisher, a weakling MiFi (D:3)
  A crimson imp (D:3)
  2 hounds (D:4)
  Natasha (thrice) (D:3)
  An orc wizard (D:3)
  3 adders
  An ooze (D:3)
  A worm (D:3)
  4 leopard geckos
  3 orcs (D:3)
  5 giant cockroaches
  4 goblins
  8 hobgoblins
  2 jackals (D:1)
  5 kobolds
  A quokka (D:4)
  A ball python (D:3)
  5 bats
  3 frilled lizards
  9 rats
64 creatures vanquished.

Notes
Turn   | Place    | Note
-------+----------+-------------------------------------------
     0 | D:1      | Delanovic the Minotaur Gladiator began the quest for the Orb.
     0 | D:1      | Reached XP level 1. HP: 18/18 MP: 0/0
   129 | D:1      | Reached skill level 4 in Staves
   149 | D:1      | Reached XP level 2. HP: 23/25 MP: 1/1
   555 | D:2      | Found an ancient bone altar of Kikubaaqudgha.
   572 | D:2      | Reached skill level 5 in Staves
   655 | D:2      | Found an ornate altar of the Wu Jian Council.
   704 | D:2      | Reached XP level 3. HP: 30/30 MP: 2/2
   745 | D:2      | You fall through a shaft!
   786 | D:3      | Noticed asdpro's ghost (weakling MiFi)
   793 | D:3      | Killed asdpro's ghost
   793 | D:3      | Reached skill level 6 in Staves
   793 | D:3      | Reached XP level 4. HP: 4/37 MP: 3/3
  1083 | D:3      | Found a shattered altar of Ashenzari.
  1083 | D:3      | Found a sacrificial altar of Ru.
  1099 | D:3      | Found a white marble altar of Elyvilon.
  1099 | D:3      | Found a snail-covered altar of Cheibriados.
  1525 | D:3      | Reached skill level 7 in Staves
  1525 | D:3      | Reached XP level 5. HP: 37/42 MP: 4/4
  1545 | D:3      | Noticed Natasha
  1551 | D:3      | Killed Natasha
  1553 | D:3      | Noticed Sigmund
  1864 | D:3      | Noticed Natasha
  1872 | D:3      | Killed Natasha
  2043 | D:3      | Noticed Natasha
  2049 | D:3      | Killed Natasha
  2049 | D:3      | Reached skill level 8 in Staves
  2131 | D:3      | Killed Sigmund
  2131 | D:3      | Reached skill level 9 in Staves
  2131 | D:3      | Reached XP level 6. HP: 46/50 MP: 5/5
  2522 | D:2      | Found a stormy altar of Qazlal.
  2529 | D:2      | Became a worshipper of Qazlal Stormbringer
  2728 | D:2      | Found an opulent altar of Gozag.
  2753 | D:2      | Found a basalt altar of Yredelemnul.
  2754 | D:2      | Found a glowing silver altar of Zin.
  2923 | D:4      | Found a shadowy altar of Dithmenos.
  2983 | D:4      | Noticed Blork the orc
  3014 | D:4      | Slain by Blork the orc

Skill      XL: |  1  2  3  4  5 |
---------------+----------------+-----
Staves         | 4 5 6 7 9 |  9.5
Fighting       | |  2.4
Throwing       | |  2.0
Dodging        | |  3.2

Action                   |  1- 3 |  4- 6 || total
-------------------------+-------+-------++-------
Melee: Quarterstaff      |    57 |    93 ||   150
       Headbutt          |     6 |    18 ||    24
  Use: Potion            |     2 |    10 ||    12
       Scroll            |     2 |     4 ||     6
  Eat: Chunk             |       |     6 ||     6
Armor: Leather armour    |    14 |     8 ||    22
Dodge: Dodged            |    41 |    49 ||    90
